 Dungeon Crawl Stone Soup version 0.14-a0-30-gf0b6e91 (webtiles) character file.

185 PolkaDot the Vexing (level 4, -1/30 HPs)
             Began as a Vampire Enchanter on Sept 27, 2013.
             Killed by nerve-wracking pain
             ... invoked by Grinder
              (10 damage)
             ... on Level 3 of the Dungeon.
             The game lasted 00:06:10 (1809 turns).

PolkaDot the Vexing (Vampire Enchanter)             Turns: 1809, Time: 00:06:10

HP  -1/30        AC  5     Str  7      XL: 4   Next: 20%
MP   2/8         EV 12     Int 18      God:
Gold 104         SH  0     Dex 14      Spells:  2 memorised,  2 levels left

Res.Fire  : . . .   See Invis. : +   l - +4,+0 elf dagger
Res.Cold  : + . .   Warding    : .   b - +1 robe
Life Prot.: + + .   Conserve   : .   (no shield)
Res.Poison: +       Res.Corr.  : .   (no helmet)
Res.Elec. : .       Clarity    : .   (no cloak)
Sust.Abil.: . .     Spirit.Shd : .   i - +0 pair of elf gloves
Res.Mut.  : .       Stasis     : .   j - +0 pair of boots
Res.Rott. : +       Flight     : .   (no amulet)
Saprovore : . . .                    (no ring)
                                     (no ring)

@: regenerating slowly, very slightly contaminated, slightly resistant to
hostile enchantments, quite stealthy
A: fangs 3, see invisible, unbreathing
a: Bat Form


You were on level 3 of the Dungeon.
You were thirsty.

You visited 1 branch of the dungeon, and saw 3 of its levels.

You collected 84 gold pieces.

Inventory:

Hand weapons
 l - a +4,+0 elven dagger (weapon)
Missiles
 d - 12 darts (quivered)
Armour
 b - a +1 robe (worn)
 i - a +0 pair of elven gloves (worn)
 j - a +0 pair of boots (worn)
Scrolls
 f - a scroll of curse armour {unknown}
 g - 2 scrolls of remove curse {unknown}
 h - 4 scrolls of identify {unknown}
 k - a scroll of teleportation {unknown}
Jewellery
 e - an uncursed amulet of the gourmand {unknown}
Books
 c - a book of Maledictions

   Spells                             Type                      Level
   *Corona                            Hexes                        1
   Sure Blade                         Hexes/Charms                 2
   Ensorcelled Hibernation            Hexes/Ice                    2
   *Confuse                           Hexes                        3
   Enslavement                        Hexes                        4
   Invisibility                       Hexes                        6


   Skills:
 - Level 2.2 Short Blades
 - Level 0.7 Throwing
 - Level 2.1 Dodging
 * Level 4.6 Stealth
 + Level 1.5 Spellcasting
 * Level 5.5 Hexes


You had 2 spell levels left.
You knew the following spells:

 Your Spells              Type           Power        Failure   Level  Hunger
a - Corona                Hex            ###....      1%          1    ##.....
c - Confuse               Hex            ###.....     10%         3    ####...


Dungeon Overview and Level Annotations

Branches:
Dungeon (3/27)

Altars:

Annotations:
D:3 Grinder


Innate Abilities, Weirdness & Mutations

You heal slowly.
You have razor-sharp teeth.*
You have supernaturally acute eyesight.
You can survive without breathing.*


Message History

Grinder barely misses you.
Casting: Confuse
Confirm with . or Enter, or press ? or * to list all spells.
Aiming: Confuse
Press: ? - help, Shift-Dir - straight line, f/p - Grinder
Aim: Grinder (heavily wounded)
You miscast Confuse.
You are very lightly contaminated with residual magic.
Your hands glow momentarily.
Grinder gestures at you. You resist.
Read which item? (? for menu, Esc to quit)
As you read the scroll labeled GYUPUFRIEVO, it crumbles to dust.
Nothing appears to happen.
Grinder gestures at you. Pain shoots through your body!
* * * LOW HITPOINT WARNING * * *
Grinder gestures at you. Pain shoots through your body!
You die...

#.#.#####..# #.# ####.%#
#.# #.....# #.# #.###.# #
#.# ##.###.######
#.#.#.##..........#
#####.#.#.##..........##
.........................
.. #@#.###.........## ## #.
#.#.###).#'#......
..#..#.#......#.#.#####
##.#..#5#####..#.#.#####
#..............#........
#.###..##.####...#........
##......##.# ##...#........
#..........# #......#'#....
...........###..#####.#.###


You could see Grinder.

Vanquished Creatures
  Terence (D:2)
  2 adders (D:2)
  2 worms (D:2)
  A giant gecko (D:1)
  An ooze (D:2)
  2 orcs (D:3)
  3 bats
  2 giant cockroaches
  7 goblins
  5 hobgoblins
  4 kobolds
  3 giant newts
  3 rats
36 creatures vanquished.

Notes
Turn   | Place    | Note
--------------------------------------------------------------
     0 | D:1      | PolkaDot, the Vampire Enchanter, began the quest for the Orb.
     0 | D:1      | Reached XP level 1. HP: 13/13 MP: 4/4
   146 | D:1      | Reached XP level 2. HP: 19/19 MP: 5/5
   712 | D:2      | Noticed Terence
   726 | D:2      | Killed Terence
   726 | D:2      | Reached XP level 3. HP: 13/24 MP: 6/6
   731 | D:2      | Learned a level 3 spell: Confuse
  1055 | D:2      | Reached skill level 5 in Hexes
  1288 | D:2      | Reached XP level 4. HP: 27/30 MP: 8/8
  1761 | D:3      | Noticed Grinder
  1809 | D:3      | Killed from afar by Grinder

Action                   |  1- 3 |  4- 6 || total
-------------------------+-------+-------++-------
Melee: Dagger            |   158 |    50 ||   208
 Cast: Confuse           |     5 |     2 ||     7
  Use: Potion            |     1 |       ||     1
       Scroll            |       |     1 ||     1
 Stab: Sleeping          |     9 |     1 ||    10
       Confused          |     2 |     1 ||     3
